 Dungeon Crawl Stone Soup version 0.24.1 (webtiles) character file.

Game seed: 9045806215964305814, levelgen mode: deterministic

41 Sneiq the Shooter (level 3, 0/20 HPs)
             Began as a Deep Elf Arcane Marksman on Mar 28, 2020.
             Succumbed to an adder's poison
             ... on level 2 of the Dungeon.
             The game lasted 00:56:31 (1861 turns).

Sneiq the Shooter (Deep Elf Arcane Marksman)        Turns: 1861, Time: 00:56:32

Health: 0/20       AC:  2    Str:  4 (7)  XL:     3   Next: 32%
Magic:  7/7        EV: 11    Int: 15 (18) God:
Gold:   71         SH:  0    Dex: 12 (15) Spells: 2/5 levels left

rFire    . . .     SeeInvis .   a - +0 shortbow
rCold    . . .     Gourm    .   (shield currently unavailable)
rNeg     . . .     Faith    .   e - +0 robe
rPois    .         Spirit   .   (no helmet)
rElec    .         Reflect  .   (no cloak)
rCorr    .         Harm     +   (no gloves)
MR       .....                  (no boots)
Stlth    ++........             g - amulet of harm
HPRegen  0.06/turn              i - ring of stealth
MPRegen  0.10/turn              (no ring)

@: lethally poisoned (0 -> -7), heavily drained
A: no striking features
a: no special abilities


You were on level 2 of the Dungeon.
You were not hungry.

You visited 1 branch of the dungeon, and saw 2 of its levels.

You collected 71 gold pieces.

Inventory:

Hand Weapons
 a - a +0 shortbow (weapon)
 b - a +3 dagger
Missiles
 d - 12 arrows (quivered)
 j - 2 throwing nets
 k - 13 poisoned darts
Armour
 e - a +0 robe (worn)
Jewellery
 g - an amulet of harm (around neck)
 i - a ring of stealth (left hand)
Scrolls
 h - a scroll of identify
Comestibles
 f - 3 rations


   Skills:
 - Level 0.7(0.0) Fighting
 + Level 4.2(2.8) Bows
 - Level 2.4(1.0) Dodging
 - Level 1.5(0.2) Spellcasting
 - Level 4.0(2.6) Hexes


You had 2 spell levels left.
You knew the following spells:

 Your Spells              Type           Power        Failure   Level  Hunger
a - Corona                Hex            #......      9%          1    ##.....
b - Slow                  Hex            #.......     14%         2    ###....

Your spell library contained the following spells:

 Spells                   Type           Power        Failure   Level  Hunger
 Inner Flame              Hex/Fire       #.......     43%         3    ####...
 Portal Projectile        Hex/Tloc       #.....       43%         3    ####...
 Cause Fear               Hex            #.........   65%         4    #####..
 Leda's Liquefaction      Hex/Erth       #.........   83%         4    #####..


Dungeon Overview and Level Annotations

Branches:
Dungeon (2/15)

Altars:


Message History

The adder closely misses you. The giant cockroach misses you.
It was a potion of degeneration.
There was something very wrong with that liquid.
You feel weakened.
You feel dopey.
You feel clumsy. The adder bites you but does no damage.
The giant cockroach closely misses you.
As you read the scroll labeled GUTWUA ATOE, it crumbles to dust.
It is a scroll of amnesia.
Okay, then.
You feel sick. The adder closely misses you. The giant cockroach bites you.
* * * LOW HITPOINT WARNING * * *
As you read the scroll labeled XEFIEGIKUMI, it crumbles to dust.
It is a scroll of identify.
You don't have any unidentified items.
* * * LOW HITPOINT WARNING * * *
You feel sick. The adder bites you but does no damage.
The giant cockroach closely misses you. The adder barely misses you.
The dart slug launches a dart at you. The slug dart hits you.
* * * LOW HITPOINT WARNING * * *
You die...

#######
#.....##♣♣
#........♣♣
#.........♣♣
#..........♣
###.....@...♣
........##♣♣♣
......Ss#
.....w(.########
................
................
...(..#.........
................
.............)..


You could see an adder, a dart slug and a giant cockroach.

Vanquished Creatures
  A gnoll (D:1)
  An ooze (D:1)
  A leopard gecko (D:1)
  A bat (D:1)
  3 giant cockroaches (D:1)
  2 goblins (D:1)
  A hobgoblin (D:1)
  6 kobolds (D:1)
  A ball python (D:1)
  10 frilled lizards (D:1)
  A rat (D:1)
28 creatures vanquished.

Notes
Turn   | Place    | Note
-------+----------+-------------------------------------------
     0 | D:1      | Sneiq the Deep Elf Arcane Marksman began the quest for the
                  | Orb.
     0 | D:1      | Reached XP level 1. HP: 11/11 MP: 5/5
   128 | D:1      | Reached XP level 2. HP: 12/16 MP: 6/6
   262 | D:1      | Learned a level 2 spell: Slow
  1279 | D:1      | You fall into a shaft and drop 1 floor!
  1591 | D:1      | Reached XP level 3. HP: 14/20 MP: 7/7
  1860 | D:2      | HP: 1/20 [dart slug/slug dart (4)]
  1861 | D:2      | Succumbed to an adder's poison

Levels and vault maps discovered:
D:1:      ncdulo_smallfort, layout_basic, minmay_lizard_pond
D:2:      layout_basic, grunt_temple_overflow_open, minmay_joined_circles,
          uniq_robin, uniq_crazy_yiuf_cottage

Skill      XL: |  1  2  3 |
---------------+----------+-----
Bows           | 3 4 |  4.2
Fighting       | |  0.7
Dodging        | |  2.4
Spellcasting   | |  1.5
Hexes          | |  4.0

Action                   || total
-------------------------++-------
Melee: Dagger            ||    51
 Fire: Shortbow          ||    34
Throw: Stone             ||     1
 Cast: Corona            ||     5
  Use: Scroll            ||     2
       Potion            ||     1
 Stab: Distracted        ||     1
       Sleeping          ||     1
  Eat: Chunk             ||     3
Armor: Robe              ||    13
Dodge: Dodged            ||    65
